 Dungeon Crawl Stone Soup version 0.30-a0-737-gf23d94013f (webtiles) character file.

Game seed: 11906603147207865109

1845 cheesebisquit the Cleaver (level 8, 0/64 HPs)
             Began as a Minotaur Berserker on Feb 1, 2023.
             Was a Priest of Trog.
             Slain by an ogre
             ... wielding a +0 giant club
              (9 damage)
             ... on level 6 of the Dungeon.
             The game lasted 00:11:34 (3879 turns).

cheesebisquit the Cleaver (Minotaur Berserker)      Turns: 3879, Time: 00:11:35

Health: 0/64       AC: 13    Str: 24    XL:     8   Next: 88%
Magic:  7/7        EV:  7    Int: 16    God:    Trog [***...]
Gold:   329        SH:  5    Dex: 10    Spells: 7/7 levels left

rFire   . . .      SeeInvis .    a - +0 war axe
rCold   . . .      Faith    .    (no shield)
rNeg    . . .      Spirit   .    m - +0 plate armour
rPois   .          Reflect  +    (helmet restricted)
rElec   .          Harm     .    (no cloak)
rCorr   .          Rampage  .    c - +0 pair of gloves
Will    ++...                    s - +0 pair of boots Stlth
                                 A - amulet of reflection
HPRegen 1.30/turn                d - +6 ring of intelligence
MPRegen 0.10/turn                g - +6 ring of intelligence

@: strong-willed, regenerating
A: horns 2, retaliatory headbutt
a: Renounce Religion, Berserk, Trog's Hand


You were on level 6 of the Dungeon.
You worshipped Trog.
Trog was most pleased with you.
You visited 1 branch of the dungeon, and saw 6 of its levels.

You collected 329 gold pieces.

Inventory:

Hand Weapons
 a - a +0 war axe (weapon)
 b - a +2 flail of venom
Missiles
 B - 3 poisoned darts
 E - a curare-tipped dart
Armour
 c - a +0 pair of gloves (worn)
 m - a +0 plate armour (worn)
 s - a +0 pair of boots (worn)
Jewellery
 d - a +6 ring of intelligence (left hand)
 g - a +6 ring of intelligence (right hand)
 A - an amulet of reflection (around neck)
Scrolls
 e - 2 scrolls of teleportation {unknown}
 f - 3 scrolls of noise {unknown}
 h - 2 scrolls of silence {unknown}
 k - 2 scrolls of immolation {unknown}
 n - a scroll of amnesia {unknown}
 o - 2 scrolls of poison {unknown}
 p - 2 scrolls of vulnerability
 q - a scroll of magic mapping {unknown}
 t - a scroll of fog {unknown}
 v - a scroll of torment {unknown}
 x - a scroll of butterflies {unknown}
 y - 2 scrolls of identify
 C - a scroll of fear {unknown}
Potions
 i - a potion of ambrosia
 j - a potion of flight
 l - 3 potions of brilliance
 r - a potion of haste {unknown}
 u - a potion of degeneration {unknown}
 w - a potion of curing {unknown}
 z - a potion of berserk rage {unknown}
 D - a potion of lignification {unknown}


   Skills:
 - Level 3.6 Fighting
 + Level 14.0 Axes
 - Level 2.4 Armour
 - Level 2.1 Dodging


You had 7 spell levels left.
You didn't know any spells.
Your spell library was empty.

Dungeon Overview and Level Annotations

Branches:
Dungeon (6/15)             Temple (0/1) D:4

Altars:
Dithmenos
Nemelex Xobeh
Sif Muna

Shops:
D:3 *   D:6 *

Annotations:
D:6 4 runed translucent doors


Innate Abilities, Weirdness & Mutations

You have a pair of horns on your head.
You reflexively headbutt those who attack you in melee.


Message History

An ogre comes into view. It is wielding a +0 giant club.
The ogre shouts!
You hear a shout! x2
The ogre hits you with a +0 giant club!
There is an open door here.
You hit the ogre but do no damage. You headbutt the ogre!
The ogre is heavily wounded.
You hit the ogre.
The ogre is severely wounded.
The ogre hits you with a +0 giant club!!
You slash the ogre! You headbutt the ogre.
You kill the ogre!
Trog accepts your kill.
Your Axes skill increases to level 14!
An orc comes into view. It is wielding a +0 whip.
The orc hits you but does no damage.
Things that are here:
a +0 giant club; an ogre corpse You slash the orc!
You kill the orc!
Trog accepts your kill.
An ogre comes into view. It is wielding a +0 giant club.
Things that are here:
a +0 whip; an orc corpse The ogre shouts!
You hit the ogre. You headbutt the ogre!
The ogre is moderately wounded.
You hear a shout!
You hear an angry hiss. x2
The ogre hits you with a +0 giant club!
You hit the ogre. You headbutt the ogre.
The ogre is heavily wounded.
You slash the ogre!
The ogre is almost dead.
The ogre hits you with a +0 giant club!!
* * * LOW HITPOINT WARNING * * *
Your skin crawls.
You feel strong-willed.
You hit the ogre but do no damage.
The ogre is almost dead.
The ogre hits you with a +0 giant club!
You die...

##########
##........##
#..######..#
#########.##
##.####
........#.#O##
#....######
#........)##@#
#..........
#..##++##.')##
#..#####.##
#.##8..8#####
#..# #
#)#8....8#
##..# #.
#.#)...[?#
#...#
#.###)#!....)#
#...#
...#..#8....8#
##..#
###<..##8WO8###
#..#
#∩#....##++##.+
#.##


You could see an ogre.

Vanquished Creatures
  Grinder (D:4)
  Eustachio (D:5)
  A water moccasin (D:5)
  2 black bears (D:6)
  An orc warrior (D:4)
  2 ogres
  2 phantoms (D:4)
  A kobold brigand (D:6)
  2 bullfrogs
  2 necrophages
  A scorpion (D:5)
  A howler monkey (D:4)
  3 jellies
  An orc priest (D:5)
  A hound (D:4)
  2 orc wizards
  8 adders
  A river rat (D:4)
  A shadow imp (D:5)
  An ufetubus (D:4)
  A worm (D:4)
  5 dart slugs
  11 orcs
  9 ball pythons
  3 bats
  6 endoplasms
  4 giant cockroaches
  7 goblins
  7 hobgoblins
  11 jackals
  4 quokkas
  5 frilled lizards (D:1)
  8 kobolds
  7 rats
123 creatures vanquished.

Notes
Turn   | Place    | Note
-------+----------+-------------------------------------------
     0 | D:1      | cheesebisquit the Minotaur Berserker began the quest for
                  | the Orb.
     0 | D:1      | Reached XP level 1. HP: 19/19 MP: 0/0
   111 | D:1      | Reached skill level 4 in Axes
   114 | D:1      | Reached XP level 2. HP: 26/26 MP: 1/1
   220 | D:1      | Reached ** piety under Trog
   221 | D:1      | Reached skill level 5 in Axes
   261 | D:1      | Reached XP level 3. HP: 31/31 MP: 2/2
   679 | D:2      | Reached skill level 6 in Axes
   679 | D:2      | Reached XP level 4. HP: 32/39 MP: 3/3
  1296 | D:3      | Found Puxae's General Store.
  1312 | D:3      | Found a faded altar of an unknown god.
  1533 | D:3      | Reached *** piety under Trog
  1831 | D:4      | Noticed an orc warrior
  1842 | D:4      | Killed an orc warrior
  1843 | D:4      | Reached skill level 7 in Axes
  1843 | D:4      | Reached XP level 5. HP: 45/45 MP: 4/4
  1952 | D:4      | Noticed a phantom
  1962 | D:4      | Killed a phantom
  1963 | D:4      | Reached skill level 8 in Axes
  1963 | D:4      | Reached XP level 6. HP: 51/51 MP: 5/5
  2032 | D:4      | Found a shimmering blue altar of Sif Muna.
  2214 | D:4      | Found a sparkling altar of Nemelex Xobeh.
  2285 | D:4      | Noticed Grinder
  2292 | D:4      | Killed Grinder
  2293 | D:4      | Reached skill level 9 in Axes
  2293 | D:4      | Reached XP level 7. HP: 57/57 MP: 6/6
  2377 | D:4      | Reached skill level 10 in Axes
  2597 | D:4      | Reached skill level 11 in Axes
  2812 | D:4      | Found a shadowy altar of Dithmenos.
  2927 | D:4      | Found a staircase to the Ecumenical Temple.
  3105 | D:5      | Entered Level 5 of the Dungeon
  3153 | D:5      | Noticed Eustachio
  3170 | D:5      | Killed Eustachio
  3171 | D:5      | Reached XP level 8. HP: 64/64 MP: 7/7
  3178 | D:5      | Reached skill level 12 in Axes
  3716 | D:6      | Noticed a two-headed ogre
  3716 | D:6      | Found Faoxt's General Store.
  3716 | D:6      | Found a large runed translucent door.
  3716 | D:6      | Found a large runed translucent door.
  3720 | D:6      | Found a large runed translucent door.
  3720 | D:6      | Found a large runed translucent door.
  3732 | D:6      | Reached skill level 13 in Axes
  3871 | D:6      | Reached skill level 14 in Axes
  3879 | D:6      | Slain by an ogre

Illustrated notes

Levels and vault maps discovered:
D:1:      ncdulo_wetmaze, layout_basic
D:2:      layout_loops_ring
D:3:      layout_basic, shapermc_ecumenical_altar_pompeii, serial_shops, shop,
          minivault_27
D:4:      layout_loops_ring, overflow_temple_1_default,
          mainiacjoe_overflow_big_doors, minmay_temple_entry_fiery,
          portal_sewer_entry_b, nzn_random_ring, uniq_grinder
D:5:      layout_basic, uniq_eustachio
D:6:      kennysheep_windowed_halls, layout_loops_ring, serial_shops,
          nicolae_shop_window_shopping, minmay_hollow_rounded_squares

Skill      XL: |  1  2  3  4  5  6  7  8 |
---------------+-------------------------+-----
Axes           | 4 5 6 7 8 9 11 14 | 14.0
Fighting       | |  3.6
Armour         | |  2.4
Dodging        | |  2.1

Action                     |  1- 3 |  4- 6 |  7- 9 || total
---------------------------+-------+-------+-------++-------
  Melee: Hand axe          |    82 |    39 |       ||   121
         Headbutt          |    11 |     8 |    21 ||    40
         War axe           |       |    28 |   146 ||   174
         Punch             |       |     1 |     1 ||     2
 Invoke: Trog's Hand       |       |     3 |     6 ||     9
         Berserk           |       |     3 |     2 ||     5
    Use: Scroll            |       |     6 |       ||     6
         Potion            |       |       |     2 ||     2
 Armour: Animal skin       |    19 |     3 |       ||    22
         Plate armour      |       |    35 |    80 ||   115
  Dodge: Dodged            |    61 |    21 |    43 ||   125
  Block: Other             |       |       |    20 ||    20

Table legend: (Time is in decaauts)
 A = Elapsed time spent in this place.
 B = Non-inter-level travel time spent in this place.
 C = Inter-level travel time spent in this place.
 D = Time resting spent in this place.
 E = Time spent auto-exploring this place.
 F = Levels seen in this place.
 G = Mean time per level.
                   A        B        C        D        E       F      G
               +--------+--------+--------+--------+--------+-----+--------+
         Total |   3925 |   3778 |    147 |    126 |   2807 |   6 |  654.2 |
       Dungeon |   3925 |   3778 |    147 |    126 |   2807 |   6 |  654.2 |
               +--------+--------+--------+--------+--------+-----+--------+

Top non-repeatable levels by time:
     D:4: 1299 daAuts
     D:2: 774 daAuts
     D:5: 617 daAuts
     D:3: 613 daAuts
     D:1: 449 daAuts
     D:6: 171 daAuts
